 Dungeon Crawl Stone Soup version 0.24.0-123-gd5b16e6ec5 (webtiles) character file.

Game seed: 13755597063336611223, levelgen mode: deterministic

77 hazymike the Caller (level 4, 0/22 HPs)
             Began as a Vine Stalker Summoner on Feb 3, 2020.
             Slain by Natasha (8 damage)
             ... on level 2 of the Dungeon.
             The game lasted 00:16:41 (2409 turns).

hazymike the Caller (Vine Stalker Summoner)         Turns: 2409, Time: 00:16:42

Health: 0/22       AC:  3    Str: 11    XL:     4   Next: 34%
Magic:  0/9        EV: 12    Int: 15    God:
Gold:   71         SH:  0    Dex: 15    Spells: 2/8 levels left

rFire    . . .     SeeInvis .   a - +0 halberd
rCold    . . .     Gourm    .   (shield currently unavailable)
rNeg     . . .     Faith    .   g - +0 leather armour
rPois    .         Spirit   +   (no helmet)
rElec    .         Reflect  .   (no cloak)
rCorr    .         Harm     .   (no gloves)
MR       .....                  (no boots)
Stlth    ++........             (no amulet)
HPRegen  0.47/turn              (no ring)
MPRegen  0.11/turn              (no ring)

@: slowed, very slow
A: fangs 2, regeneration 1, magic shield, antimagic bite, no potion heal 3, rot
immunity
a: no special abilities


You were on level 2 of the Dungeon.
You were not hungry.

You visited 1 branch of the dungeon, and saw 2 of its levels.

You collected 71 gold pieces.

Inventory:

Hand Weapons
 a - a +0 halberd (weapon)
Missiles
 d - 47 stones (quivered)
 j - 13 poisoned darts
Armour
 g - a +0 leather armour (worn)
Jewellery
 n - an uncursed amulet of guardian spirit {unknown}
Scrolls
 e - a scroll of amnesia {unknown}
 f - 2 scrolls of teleportation {unknown}
 i - 3 scrolls of fog {unknown}
 k - a scroll of remove curse {unknown}
 m - a scroll of immolation {unknown}
 p - a scroll of identify {unknown}
Potions
 b - a potion of resistance
 l - a potion of lignification {unknown}
 o - 2 potions of flight {unknown}
Comestibles
 c - 3 rations
 h - 3 chunks of flesh


   Skills:
 + Level 1.1 Fighting
 + Level 0.3 Polearms
 + Level 2.1 Dodging
 - Level 3.0 Stealth
 + Level 2.6 Spellcasting
 * Level 4.6 Summonings


You had 2 spell levels left.
You knew the following spells:

 Your Spells              Type           Power        Failure   Level  Hunger
a - Summon Small Mammal   Summ           ###.         4%          1    #......
b - Call Imp              Summ           ###.....     6%          2    ##.....
c - Call Canine Familiar  Summ           ###.....     12%         3    ###....

Your spell library contained the following spells:

 Spells                   Type           Power        Failure   Level  Hunger
 Summon Guardian Golem    Hex/Summ       #.......     30%         3    ###....
 Summon Ice Beast         Ice/Summ       #.......     71%         4    #####..
 Summon Lightning Spire   Summ/Air       #.......     71%         4    #####..


Dungeon Overview and Level Annotations

Branches:
Dungeon (2/15)

Altars:

Annotations:
D:2 Natasha


Innate Abilities, Weirdness & Mutations

You have extremely sharp teeth.
Your natural rate of healing is unusually fast.
When hurt, damage is shared between your health and your magic reserves.
Your bite disrupts and absorbs the magic of your enemies.
Potions cannot restore your health.
You are immune to rotting.


Message History

You closely miss Natasha.
Natasha is lightly wounded.
Natasha casts a spell at you.
You feel yourself slow down.
Your crimson imp misses Natasha.
Natasha claws you.
You closely miss Natasha. Your bite misses Natasha.
Natasha is lightly wounded.
Your crimson imp misses Natasha.
Your crimson imp blinks!
Your crimson imp hits Natasha but does no damage.
Natasha howls an incantation.
You feel troubled. Natasha claws you!
Your crimson imp hits Natasha.
Your crimson imp closely misses Natasha.
Natasha claws you but does no damage.
Your crimson imp barely misses Natasha.
You are too injured to fight recklessly!
You closely miss Natasha.
Natasha is lightly wounded.
Natasha claws you!
You die...

*,,,,,,* #...#.....##***,,,,
*****,,,,,,####...#.......,,,,,,,
,,,,,,,,,,................,,,,,,,
,,,,,,,,,,#.....##........,,*,,,,
,,,,,,),,.......##...÷..##,,,,,,,
,,,,,,,,,..##'####......#*,*,,,,<
,,,,,,,,,#....#..÷.....##*,*,,,,,
,,,),>,,,.................,*,,,,,
,,,,,,**,####.#.@h5....##.,*,,,,,
,,,,,,,,,........5.5.....,,*****,
*,,,,,**,.<.......##.#####,*****,
*,,,,,***.).......#*.#***,,,,,,*,
,,,,,,,,,..........,..,,,,,,,*+*,
,,,,,,,**...........,..,,,,,,,,,,
,,,,,,,**###........,,,,,,,,,,,,*
,,,,,,,,,,,..........**,*,,,,,,,*
,,,,,,,,,,,,,,,,,,,,,,,,,,,,,,,>,


You could see Natasha and 3 friendly crimson imps.

Vanquished Creatures
  An ooze (D:2)
  A dart slug (D:2)
  3 leopard geckos
  6 bats
  A giant cockroach (D:2)
  3 goblins (D:2)
  2 hobgoblins
  3 jackals (D:2)
  2 frilled lizards (D:2)
  2 rats (D:2)
24 creatures vanquished.

Vanquished Creatures (collateral kills)
  Natasha (D:2)
  3 gnolls (D:2)
  An adder (D:2)
  A giant cockroach (D:1)
  3 hobgoblins
  A kobold (D:1)
  2 bats
12 creatures vanquished.

Grand Total: 36 creatures vanquished

Notes
Turn   | Place    | Note
-------+----------+-------------------------------------------
     0 | D:1      | hazymike the Vine Stalker Summoner began the quest for the
                  | Orb.
     0 | D:1      | Reached XP level 1. HP: 9/9 MP: 4/4
   447 | D:1      | Reached XP level 2. HP: 7/13 MP: 3/6
   451 | D:1      | Learned a level 2 spell: Call Imp
  1440 | D:2      | Reached XP level 3. HP: 17/17 MP: 7/7
  1445 | D:2      | Learned a level 3 spell: Call Canine Familiar
  2101 | D:2      | Reached skill level 1 in Fighting
  2175 | D:2      | Gained mutation: Your natural rate of healing is unusually
                  | fast. [Vine Stalker growth]
  2175 | D:2      | Reached XP level 4. HP: 22/22 MP: 8/8
  2196 | D:2      | Noticed Natasha
  2336 | D:2      | Killed Natasha
  2399 | D:2      | Noticed Natasha
  2409 | D:2      | Slain by Natasha

Levels and vault maps discovered:
D:1:      ncdulo_lavacross, layout_loops_ring
D:2:      layout_basic, first_ration, uniq_natasha

Skill      XL: |  1  2  3 |
---------------+----------+-----
Stealth        | 3 |  3.0
Dodging        | 2 |  2.1
Fighting       | 1 |  1.1
Polearms       | |  0.3
Spellcasting   | |  2.6
Summonings     | |  4.6

Action                   |  1- 3 |  4- 6 || total
-------------------------+-------+-------++-------
Melee: Unarmed           |   110 |       ||   110
       Bite              |    23 |     3 ||    26
       Halberd           |    16 |    11 ||    27
Throw: Stone             |    45 |     2 ||    47
 Cast: Summon Small Mamm |    15 |       ||    15
       Call Imp          |     8 |     5 ||    13
 Stab: Sleeping          |     1 |     1 ||     2
  Eat: Chunk             |     5 |     1 ||     6
Armor: Robe              |    27 |       ||    27
       Leather armour    |    20 |     6 ||    26
Dodge: Dodged            |   105 |     3 ||   108
